 Dungeon Crawl Stone Soup version 0.29.1-15-g9cfb28693d (webtiles) character file.

Game seed: 15419024842890318572

1148 croobank the Ruffian (level 8, -3/79 HPs)
             Began as a Troll Fighter on Apr 22, 2023.
             Shot with an arrow by a centaur (9 damage)
             ... on level 5 of the Dungeon.
             The game lasted 00:12:54 (4815 turns).

croobank the Ruffian (Troll Fighter)                Turns: 4815, Time: 00:12:55

Health: -3/79      AC:  5    Str: 25    XL:     8   Next: 15%
Magic:  7/7        EV:  8    Int: 12    God:
Gold:   166        SH:  9    Dex:  9    Spells: 7/7 levels left

rFire   . . .      SeeInvis .     - Unarmed
rCold   . . .      Faith    .   b - +1 kite shield
rNeg    . . .      Spirit   .   a - +0 robe
rPois   .          Reflect  .   e - +0 hat {Stlth+}
rElec   .          Harm     .   j - +0 cloak
rCorr   .          Rampage  .   (gloves unavailable)
Will    +....                   (boots unavailable)
Stlth   ++........              (no amulet)
HPRegen 1.03/turn               m - +6 ring of intelligence
MPRegen 0.10/turn               (no ring)

@: mighty, lethally poisoned (-3 -> -4)
A: large, unfitting armour, claws 3, regeneration 1, shaggy fur 1, tough skin 1,
hooves 1, strong-willed 1, subdued magic 1
a: no special abilities


You were on level 5 of the Dungeon.
You visited 1 branch of the dungeon, and saw 7 of its levels.
You also visited: Sewer.

You collected 354 gold pieces.
You spent 188 gold pieces at shops.

Inventory:

Hand Weapons
 i - a +2 dagger of speed
 o - a +3 dagger of venom
 t - a +0 falchion
Missiles
 B - 6 poisoned darts
Armour
 a - a +0 robe (worn)
 b - a +1 kite shield (worn)
 e - a +0 hat of stealth (worn)
 j - a +0 cloak (worn)
Magical Staves
 s - a staff of fire
Jewellery
 h - a ring of fire
 m - a +6 ring of intelligence (left claw)
Scrolls
 d - a scroll of poison
 f - 2 scrolls of teleportation
 n - a scroll of brand weapon
 q - a scroll of fear (quivered)
 r - 2 scrolls of amnesia
 u - a scroll of blinking
 v - a scroll of noise
 w - a scroll of enchant weapon
 x - 2 scrolls of butterflies
 y - 9 scrolls of identify
 z - a scroll of magic mapping
 A - 2 scrolls of immolation
Potions
 l - 6 potions of flight


   Skills:
 + Level 4.6 Fighting
 - Level 2.4 Dodging
 + Level 5.1 Shields
 * Level 7.1 Unarmed Combat


You had 7 spell levels left.
You didn't know any spells.
Your spell library contained the following spells:

 Spells                   Type           Power      Damage    Failure   Level
 Beastly Appendage        Tmut           0%         N/A       54%         1
 Wereblood                Tmut           0%         N/A       69%         2
 Ozocubu's Armour         Ice            0%         N/A       89%         3
 Spider Form              Tmut/Pois      0%         N/A       89%         3
 Tukima's Dance           Hex            0%         N/A       89%         3
 Fulminant Prism          Conj/Hex       0%         3d6       100%        4
 Iskenderun's Mystic Bla  Conj/Tloc      0%         2d3       100%        4
 Passage of Golubria      Tloc           0%         N/A       100%        4
 Lee's Rapid Deconstruct  Erth           0%         3d5*      100%        5
 Metabolic Englaciation   Hex/Ice        0%         N/A       100%        5
 Yara's Violent Unravell  Hex/Tmut       0%         3d3       100%        5
 Simulacrum               Ice/Necr       0%         N/A       100%        6


Dungeon Overview and Level Annotations

Branches:
Dungeon (7/15)              Sewer (visited)
 Temple: D:4-7

Altars:
Fedhas
Nemelex Xobeh
Uskayaw

Shops:
D:4 *   D:5 ?


Innate Abilities, Weirdness & Mutations

You are too large for most types of armour.
You have claws for hands.
Your natural rate of healing is unusually fast.
You are covered in fur. (AC +1)
You have tough skin. (AC +1)
You have large cloven feet.
You are strong-willed. (Will+)
Your spells are a little easier to cast, but a little less powerful.


Message History

* * * LOW HITPOINT WARNING * * *
You feel very sick.
You feel much better.
You feel very sick.
As you read the scroll of summoning, it crumbles to dust.
Wisps of shadow whirl around you...
You feel very sick.
You feel very sick.
Cornered, the centaur turns to fight!
Cornered, the hound turns to fight! x2
Your jelly hits the orc priest.
The orc priest is splashed with acid.
The acid corrodes the orc priest!
Your jelly's attack snaps the orc priest out of its fear.
You feel sick.
Your adder bites the centaur.
The centaur wields a +0 shortbow.
The centaur shoots an arrow.
The arrow closely misses your adder.
The arrow barely misses your orc wizard.
The arrow hits you!
* * * LOW HITPOINT WARNING * * *
The hound closely misses your orc wizard.
Your orc barely misses the hound.
Your orc misses the hound. Your jelly hits the orc priest.
The orc priest is splashed with acid.
The orc priest seems to be corroded for longer.
As you close the door, it creaks loudly!
You feel sick.
Your adder bites the centaur but does no damage.
The hound barely misses your orc.
The centaur shoots an arrow.
The arrow barely misses your adder. The arrow hits you.
* * * LOW HITPOINT WARNING * * *
The hound barely misses your orc wizard.
Cornered, the orc priest turns to fight!
Your jelly hits the orc priest.
The orc priest dies!
Your orc misses the hound.
It was a potion of mutation.
You feel extremely strange.
Your connection to magic feels subdued.
You feel strong-willed.
Your feet thicken and deform.
You feel sick.
Cornered, the centaur turns to fight!
The centaur shoots an arrow.
The arrow completely misses your iguana.
The arrow hits you!
You die...

.......# #######...# #..........
######.# ##### ###'#......
.......# #.#..<... .......######
#####.......# .........##.o.
##...##......#
.........#....S#####.....#....†.#
####.....#..8.........8..#......#
........[# ....##+##.....#......)
.........# . ##@..##...##.......
.........# #.....##.##........
.........# # #.......#.#..#......
.........# #.#.oh:lJ.#)#.........
.........# #.#...o.S)#.#.>.......
......(.####.##..hoc##.####......
........###...##..c##...##.......
........##.....#####.....#.).....
........##..8......†..8..#.......


You could see 2 centaurs, 2 hounds, a friendly iguana (summoned), a friendly
jelly (summoned), a friendly orc wizard (summoned), a friendly adder (summoned)
and 2 friendly orcs.

Vanquished Creatures
  A yak (D:5)
  Eustachio (D:4)
  An ice beast (D:4)
  An ogre (D:5)
  A necrophage (D:5)
  3 scorpions
  2 hounds
  A jelly (D:4)
  2 iguanas (D:5)
  Robin (D:2)
  8 adders
  5 river rats (Sewer)
  A shadow imp (D:5)
  2 white imps (D:5)
  2 ufetubi
  4 dart slugs
  11 orcs
  6 endoplasms
  4 giant cockroaches
  14 goblins
  8 hobgoblins
  6 jackals
  9 kobolds
  A quokka (D:3)
  16 ball pythons
  15 bats
  A frilled lizard (D:1)
  4 rats
131 creatures vanquished.

Vanquished Creatures (collateral kills)
  An orc priest (D:5)
1 creature vanquished.

Vanquished Creatures (others)
  4 toadstools (D:1)
4 creatures vanquished.

Grand Total: 136 creatures vanquished

Notes
Turn   | Place    | Note
-------+----------+-------------------------------------------
     0 | D:1      | croobank the Troll Fighter began the quest for the Orb.
     0 | D:1      | Reached XP level 1. HP: 22/22 MP: 0/0
   135 | D:1      | Found a faded altar of an unknown god.
   253 | D:1      | Reached XP level 2. HP: 27/29 MP: 1/1
   599 | D:1      | Reached XP level 3. HP: 35/36 MP: 2/2
   824 | D:2      | Noticed Robin
   842 | D:2      | Reached skill level 3 in Unarmed Combat
   844 | D:2      | Killed Robin
  1312 | D:2      | Reached XP level 4. HP: 44/44 MP: 3/3
  1634 | D:3      | Found a blossoming altar of Fedhas.
  1634 | D:3      | Found a hide-covered altar of Uskayaw.
  1634 | D:3      | Found a sparkling altar of Nemelex Xobeh.
  2072 | D:4      | Found Igroh's General Store.
  2158 | D:4      | Bought a scroll of butterflies for 56 gold pieces
  2399 | D:4      | Identified a scroll of acquirement
  2399 | D:4      | Acquired a +0 hat of stealth
  2528 | D:4      | Reached XP level 5. HP: 51/53 MP: 4/4
  2548 | D:4      | Reached skill level 4 in Unarmed Combat
  2638 | D:4      | Noticed an ice beast
  2650 | D:4      | Killed an ice beast
  2667 | D:4      | Noticed Eustachio
  2687 | D:4      | Killed Eustachio
  2688 | D:4      | Reached skill level 5 in Unarmed Combat
  2688 | D:4      | Reached XP level 6. HP: 61/61 MP: 5/5
  2871 | D:4      | You fall into a shaft and drop 3 floors!
  2887 | D:6      | Found a glowing drain.
  2897 | Sewer    | Entered a sewer
  3597 | D:6      | Reached XP level 7. HP: 68/68 MP: 6/6
  3612 | D:5      | Entered Level 5 of the Dungeon
  3654 | D:5      | Found Vaabra's Magic Scroll Emporium.
  3657 | D:5      | Bought a scroll of identify for 24 gold pieces
  3657 | D:5      | Bought a scroll of teleportation for 36 gold pieces
  3657 | D:5      | Bought 3 scrolls of identify for 72 gold pieces
  4599 | D:5      | Reached skill level 6 in Unarmed Combat
  4739 | D:5      | Noticed a yak
  4754 | D:5      | Killed a yak
  4755 | D:5      | Reached skill level 5 in Shields
  4755 | D:5      | Reached XP level 8. HP: 66/79 MP: 7/7
  4762 | D:5      | Reached skill level 7 in Unarmed Combat
  4807 | D:5      | HP: 2/79 [hound (3)]
  4815 | D:5      | Gained mutation: Your spells are a little easier to cast,
                  | but a little less powerful. [potion of mutation]
  4815 | D:5      | Gained mutation: You are strong-willed. (Will+) [potion of
                  | mutation]
  4815 | D:5      | Gained mutation: You have large cloven feet. [potion of
                  | mutation]
  4815 | D:5      | Shot with an arrow by a centaur

Illustrated notes

Levels and vault maps discovered:
D:1:      ldierk_water_garden, layout_basic, shapermc_ecumenical_altar_ellora,
          minivault_27
D:2:      layout_loops_cross, grunt_decor_one_mirror, uniq_robin
D:3:      layout_loops_ring, gammafunk_temple_overflow_claw
D:4:      layout_loops_ring, serial_shops, nicolae_stop_n_shop_2,
          minmay_door_square, minmay_misc_feat_more_columns,
          kennysheep_generic_room_7, uniq_eustachio
D:5:      minmay_octagon_keep, layout_basic, serial_shops, nicolae_shop_trees
D:6:      layout_cave_pools, mainiacjoe_overflow_alcove_2,
          minmay_temple_entry_enclosed_plants, cheibrodos_sewer_entry_drain,
          uniq_maggie
D:7:      layout_rooms, mainiacjoe_overflow_surrounded_room,
          uniq_crazy_yiuf_cottage

Skill      XL: |  1  2  3  4  5  6  7  8 |
---------------+-------------------------+-----
Shields        | 3 4 5 |  5.1
Unarmed Combat | 3 5 6 7 |  7.1
Fighting       | 3 4 |  4.6
Dodging        | |  2.4

Action                   |  1- 3 |  4- 6 |  7- 9 || total
-------------------------+-------+-------+-------++-------
Melee: Unarmed           |   111 |   178 |    84 ||   373
Throw: Dart              |       |       |     4 ||     4
  Use: Scroll            |       |    17 |     2 ||    19
       Potion            |       |       |     8 ||     8
 Stab: Sleeping          |     1 |     3 |     1 ||     5
Armor: Robe              |    48 |    56 |    38 ||   142
Dodge: Dodged            |    35 |    67 |    50 ||   152
Block: Kite shield       |    42 |    83 |    50 ||   175
